 Dungeon Crawl Stone Soup version 0.28.0-45-g0d030f2227 (webtiles) character file.

Game seed: 3326066820363530110

146 zeratav the Insei (level 5, -2/36 HPs)
             Began as an Octopode Transmuter on Apr 6, 2022.
             Succumbed to NinjaNoafa's ghost's poison
             ... on level 3 of the Dungeon.
             The game lasted 00:05:52 (2194 turns).

zeratav the Insei (Octopode Transmuter)             Turns: 2194, Time: 00:05:53

Health: -2/36      AC:  1    Str: 11    XL:     5   Next: 28%
Magic:  7/8        EV: 13    Int: 16    God:
Gold:   104        SH:  0    Dex: 12    Spells: 4/8 levels left

rFire   + . .      SeeInvis .     - Unarmed
rCold   . . .      Faith    .   (no shield)
rNeg    . . .      Spirit   .   (helmet currently unavailable)
rPois   .          Reflect  .   (no amulet)
rElec   .          Harm     .   a - ring of protection from fire
rCorr   .          Rampage  .   (no ring)
Will    .....                   (no ring)
Stlth   ++........              (no ring)
HPRegen 0.12/turn               (no ring)
MPRegen 0.11/turn               (no ring)
                                (no ring)
                                (no ring)

@: lethally poisoned (-2 -> -21), appendages (expiring)
A: tentacle spike 3, almost no armour, amphibious, 8 rings, camouflage 1,
gelatinous body 1, (nimble swimmer 1), tentacles
a: End Transformation


You were on level 3 of the Dungeon.
One of your tentacles had grown a beastly spike.
You visited 1 branch of the dungeon, and saw 3 of its levels.

You collected 104 gold pieces.

Inventory:

Jewellery
 a - a ring of protection from fire (left tentacle)
Wands
 h - a wand of flame (13)
Scrolls
 b - a scroll of amnesia {unknown}
 c - a scroll of fog {unknown}
 d - a scroll of noise {unknown}
 e - a scroll of blinking {unknown}
 f - 2 scrolls of identify {unknown}
 g - a scroll of fear {unknown}
Potions
 i - a potion of curing {unknown}
 j - a potion of brilliance {unknown}


   Skills:
 * Level 2.9 Fighting
 + Level 2.8 Dodging
 * Level 4.1 Unarmed Combat
 - Level 2.0 Spellcasting
 + Level 2.7 Transmutations


You had 4 spell levels left.
You knew the following spells:

 Your Spells              Type           Power      Damage    Failure   Level
a - Beastly Appendage     Tmut           20%        N/A       7%          1
b - Spider Form           Tmut/Pois      6%         N/A       34%         3

Your spell library contained the following spells:

 Spells                   Type           Power      Damage    Failure   Level
 Wereblood                Tmut           10%        N/A       10%         2
 Foxfire                  Conj/Fire      4%         2x1d4     21%         1
 Ice Form                 Ice/Tmut       6%         N/A       75%         4


Dungeon Overview and Level Annotations

Branches:
Dungeon (3/15)

Altars:
Yredelemnul

Shops:
D:2 (?**?

Annotations:
D:3 NinjaNoafa's ghost, amateur HOMo


Innate Abilities, Weirdness & Mutations

One of your tentacles has grown a beastly spike.
You cannot wear most types of armour.
You are amphibious.
You can wear up to eight rings at the same time.
Your skin changes colour to match your surroundings (Stealth+).
Your rubbery body absorbs attacks. (AC +1, EV +1)
((You are camouflaged when in or above water. (Stealth+)))
You have tentacles for arms and can constrict up to eight enemies at once.


Message History

The quokka zombie is severely damaged.
You constrict the quokka zombie. The quokka zombie misses you.
You tentacle-slap the quokka zombie.
You destroy the quokka zombie!
As you open the gate, it creaks loudly!
NinjaNoafa's ghost says, "I'll split you in two!"
Casting: Beastly Appendage (safe; 7% risk of failure)
Confirm with . or Enter, or press ? or * to list all spells.
One of your tentacles grows a vicious spike.
NinjaNoafa's ghost barely misses you.
You barely miss NinjaNoafa's ghost. You barely miss NinjaNoafa's ghost.
Your squeeze misses NinjaNoafa's ghost.
Your transformation is almost over.
NinjaNoafa's ghost whispers, "The ORB doesn't exist."
NinjaNoafa's ghost hits you.
You barely miss NinjaNoafa's ghost. NinjaNoafa's ghost hits you.
You are lethally poisoned!
You barely miss NinjaNoafa's ghost.
You pierce NinjaNoafa's ghost.
Your squeeze misses NinjaNoafa's ghost.
NinjaNoafa's ghost is lightly damaged.
* * * LOW HITPOINT WARNING * * *
You feel very sick. NinjaNoafa's ghost barely misses you.
You closely miss NinjaNoafa's ghost.
Your tentacle spike misses NinjaNoafa's ghost.
NinjaNoafa's ghost is lightly damaged.
* * * LOW HITPOINT WARNING * * *
You feel sick. NinjaNoafa's ghost hits you.
* * * LOW HITPOINT WARNING * * *
You are more poisoned.
You tentacle-slap NinjaNoafa's ghost.
NinjaNoafa's ghost is lightly damaged.
* * * LOW HITPOINT WARNING * * *
You feel very sick.
NinjaNoafa's ghost screams, "You will never get the ORB!"
NinjaNoafa's ghost misses you.
You bludgeon NinjaNoafa's ghost!
Your tentacle spike misses NinjaNoafa's ghost.
NinjaNoafa's ghost is moderately damaged.
You die...

#############
#.'..#[($#..+
#.##.#...#.#
#.##.#'W'#.#
#.##.†.@...#
#.####..(###
#.# #.._..#
#.# ##...##
#.# ##### #.#
### #.#####.#
#.......# ..
#######.# #.
#.#


You could see NinjaNoafa's ghost.

Vanquished Creatures
  A water moccasin zombie (D:3)
  Crazy Yiuf (D:2)
  An adder (D:2)
  A worm (D:2)
  2 dart slugs (D:2)
  An orc (D:3)
  2 bats
  3 endoplasms
  5 giant cockroaches
  5 goblins
  A hobgoblin (D:3)
  3 jackals (D:2)
  3 quokkas
  3 ball pythons
  4 frilled lizards
  7 kobolds
  A quokka zombie (D:3)
44 creatures vanquished.

Vanquished Creatures (others)
  3 plants (D:3)
3 creatures vanquished.

Grand Total: 47 creatures vanquished

Notes
Turn   | Place    | Note
-------+----------+-------------------------------------------
     0 | D:1      | zeratav the Octopode Transmuter began the quest for the
                  | Orb.
     0 | D:1      | Reached XP level 1. HP: 13/13 MP: 3/3
    51 | D:1      | Found a faded altar of an unknown god.
    61 | D:1      | Got Plato's Compendium of the Arsonist
   536 | D:1      | Reached XP level 2. HP: 18/18 MP: 5/5
   808 | D:2      | Found Qeeqol's Weapon Shoppe.
  1010 | D:2      | Reached XP level 3. HP: 23/24 MP: 6/6
  1187 | D:2      | Found Xuocuuk's Magic Scroll Shop.
  1229 | D:2      | HP: 1/24 [kobold/+0 short sword (4)]
  1565 | D:2      | Found Joxyheik's General Store.
  1633 | D:2      | Found Eplit's General Store.
  1719 | D:2      | Found Hicuuf's Magic Scroll Shoppe.
  1895 | D:2      | Found a runed translucent door.
  1897 | D:2      | Noticed Crazy Yiuf
  1905 | D:2      | Killed Crazy Yiuf
  1906 | D:2      | Reached XP level 4. HP: 30/30 MP: 7/7
  2085 | D:3      | Learned a level 3 spell: Spider Form
  2164 | D:3      | Found a runed translucent gate.
  2164 | D:3      | Found a runed translucent gate.
  2164 | D:3      | Found a runed translucent gate.
  2164 | D:3      | Noticed NinjaNoafa's ghost (amateur HOMo)
  2166 | D:3      | Found a basalt altar of Yredelemnul.
  2178 | D:3      | Reached skill level 4 in Unarmed Combat
  2178 | D:3      | Reached XP level 5. HP: 18/36 MP: 8/8
  2193 | D:3      | HP: 1/36 [poisoned by NinjaNoafa's ghost]
  2194 | D:3      | Succumbed to NinjaNoafa's ghost's poison

Illustrated notes

Levels and vault maps discovered:
D:1:      psy_arrival_conway, layout_basic, shapermc_ecumenical_altar_rom_forum
D:2:      layout_basic, serial_shops, shop, nicolae_shop_trees,
          nicolae_shop_window_shopping, nicolae_diamond_shop, shop,
          uniq_crazy_yiuf_cottage
D:3:      cheibrodos_old_hovel, layout_loops_ring,
          nicolae_yredelemnul_ghost_church, serial_park_tiny_pond

Skill      XL: |  1  2  3  4 |
---------------+-------------+-----
Fighting       | 2 |  2.9
Unarmed Combat | 4 |  4.1
Dodging        | |  2.8
Spellcasting   | |  2.0
Transmutations | |  2.7

Action                   |  1- 3 |  4- 6 || total
-------------------------+-------+-------++-------
Melee: Unarmed           |    82 |    30 ||   112
       Constrict         |    19 |     9 ||    28
       Kick              |    22 |     9 ||    31
       Tentacles         |    14 |     1 ||    15
       Punch             |     2 |     2 ||     4
 Cast: Beastly Appendage |    26 |     7 ||    33
 Stab: Sleeping          |     3 |     1 ||     4
Armor: Skin              |     9 |     1 ||    10
Dodge: Dodged            |    67 |    16 ||    83
